 Dungeon Crawl Stone Soup version 0.31-a0-354-g827e0957a7 (webtiles) character file.

Game seed: 1131550009033950992

21049 MacCMillion the Nimble (level 12, -3/97 HPs)
             Began as a Merfolk Shapeshifter on July 24, 2023.
             Was an Elder of Makhleb.
             Slain by a black mamba (15 damage)
             ... on level 1 of the Lair of Beasts.
             The game lasted 00:25:48 (18206 turns).

MacCMillion the Nimble (Merfolk Shapeshifter)      Turns: 18206, Time: 00:25:49

Health: -3/97      AC: 12    Str: 20    XL:     12   Next: 85%
Magic:  20/20      EV: 18    Int:  7    God:    Makhleb [****..]
Gold:   742        SH:  0    Dex: 15    Spells: 11/11 levels left

rFire   + .          .
                       - Unarmed
rCold   + . .        (no shield)
rNeg    . . .        F - +3 ring mail {rC+}
rPois   .            (helmet currently unavailable)
rElec   .            (cloak currently unavailable)
rCorr   .            (gloves currently unavailable)
SInv    .            (boots currently unavailable)
Will    .....        (no amulet)
Stlth   +            g - ring of protection from fire
HPRegen 0.36/turn    r - +4 ring of protection
MPRegen 0.17/turn

%: no passive effects
@: beast-form
A: beast (slay +3), (nimble swimmer 2), mertail
a: Begin Untransformation, Renounce Religion, Minor Destruction, Lesser Servant
of Makhleb, Major Destruction


You were on level 1 of the Lair of Beasts.
You worshipped Makhleb.
Makhleb was greatly pleased with you.
You were a hulking beast.
You visited 2 branches of the dungeon, and saw 12 of its levels.
You also visited: Bailey.

You collected 742 gold pieces.

Inventory:

Missiles
 l - 39 poisoned darts
 C - a throwing net
 G - 5 silver boomerangs
 I - 23 boomerangs
 K - 3 javelins
Armour
 t - a +1 pair of gloves
 u - a +2 cloak
 F - a +3 ring mail of cold resistance (worn)
 T - a +0 pair of boots
 W - +0 acid dragon scales
Jewellery
 g - a ring of protection from fire (left hand)
 i - a ring of fire
 r - a +4 ring of protection (right hand)
 D - a +6 ring of intelligence
 J - a ring of positive energy
 V - a +4 ring of slaying
Talismans
 c - a beast talisman
Wands
 v - a wand of charming (20)
 E - a wand of flame (29)
 R - a wand of mindburst (18)
 Z - a wand of digging (3)
Scrolls
 a - a scroll of enchant armour {unknown}
 b - a scroll of amnesia {unknown}
 d - 3 scrolls of vulnerability
 e - 8 scrolls of teleportation
 h - 6 scrolls of immolation
 m - a scroll of butterflies {unknown}
 o - a scroll of silence {unknown}
 p - a scroll of noise {unknown}
 q - a scroll of poison {unknown}
 w - 2 scrolls of revelation {unknown}
 y - a scroll of torment {unknown}
 z - 3 scrolls of fear {unknown}
 A - 4 scrolls of enchant weapon {unknown}
 B - a scroll of brand weapon {unknown}
 H - 3 scrolls of fog {unknown}
 N - a scroll of acquirement {unknown}
 Q - a scroll of blinking
 S - 3 scrolls of identify
Potions
 f - a potion of attraction
 j - 4 potions of curing
 k - 2 potions of ambrosia
 n - a potion of heal wounds {unknown}
 s - 2 potions of magic
 x - 3 potions of haste
 L - 3 potions of brilliance {unknown}
 M - a potion of cancellation {unknown}
 O - a potion of mutation {unknown}
 P - a potion of experience
 U - a potion of might {unknown}
 Y - 2 potions of lignification
Miscellaneous
 X - a box of beasts


   Skills:
 - Level 10.0 Fighting
 + Level 14.0 Dodging
 + Level 13.9 Unarmed Combat
 + Level 10.7 Invocations
 - Level 4.3 Shapeshifting


You had 11 spell levels left.
You didn't know any spells.
Your spell library contained the following spells:

 Spells                   Type           Power      Damage    Failure   Level
 Blink                    Tloc           0%         N/A       77%         2
 Sublimation of Blood     Necr           0%         N/A       77%         2
 Wereblood                Tmut           0%         N/A       77%         2
 Call Canine Familiar     Summ           0%         N/A       94%         3
 Inner Flame              Hex/Fire       0%         N/A       94%         3
 Portal Projectile        Hex/Tloc       0%         N/A       94%         3
 Summon Guardian Golem    Hex/Summ       0%         N/A       94%         3
 Cause Fear               Hex            0%         N/A       100%        4
 Leda's Liquefaction      Hex/Erth       0%         N/A       100%        4
 Manifold Assault         Tloc           0%         N/A       100%        4
 Orb of Destruction       Conj           0%         9d5       100%        7
 Spellforged Servitor     Conj/Summ      0%         N/A       100%        7
 Summon Hydra             Summ           0%         N/A       100%        7


Dungeon Overview and Level Annotations

Branches:
Dungeon (11/15)            Temple (0/1) D:4            Lair (1/5) D:11
    Orc (0/2) D:10         Bailey (visited)

Altars:
Ashenzari
Cheibriados
Fedhas
Gozag
Kikubaaqudgha
Makhleb
Nemelex Xobeh
Qazlal
Sif Muna
Uskayaw
Xom
Yredelemnul
Zin

Shops:
D:8 :   D:9 *

Annotations:
D:5 1 runed translucent door, Crazy Yiuf, Sigmund


Innate Abilities, Weirdness & Mutations

You are a hulking beast.
Your limbs bulge with bestial killing power. (Slay +3)
((You are very nimble when in or above water. (Stealth+, EV+, Speed+++)))
Your lower body shifts to a powerful aquatic tail in water.


Message History

The cane toad is heavily wounded.
The black mamba bites you!
You are poisoned.
The black mamba poisons you!
You barely miss the black mamba.
You feel very sick.
The black mamba bites you but does no damage.
The cane toad stings you but does no damage.
You punch the black mamba!
The black mamba is moderately wounded.
You feel sick. The black mamba barely misses you. The cane toad stings you!!
The black mamba completely misses you.
You barely miss the black mamba.
The black mamba is moderately wounded.
You feel sick.
The cane toad stings you but does no damage.
The black mamba closely misses you.
You punch the black mamba!
The black mamba is heavily wounded.
You feel sick. The black mamba barely misses you. The cane toad stings you.
You are more poisoned.
The cane toad poisons you!
You punch the black mamba! Your punch misses the black mamba.
The black mamba is severely wounded.
You feel very sick. The black mamba bites you!
You are lethally poisoned!
The black mamba poisons you! The black mamba bites you.
* * * LOW HITPOINT WARNING * * *
You are more poisoned.
The black mamba poisons you! The cane toad stings you!
* * * LOW HITPOINT WARNING * * *
You feel better. The black mamba bites you!
* * * LOW HITPOINT WARNING * * *
You are lethally poisoned!
The black mamba poisons you! The cane toad closely misses you.
You feel better. The black mamba bites you.
* * * LOW HITPOINT WARNING * * *
The black mamba bites you!
You die...

..... . #....###
.# ##....... #.##
#.......#####...#
##...............#
#.................
##.........F.....#
#P........hS.....#
#.......#####...#
#......## #
#.....#.#
#....#### #...##
##.######
#.##P#P####
#..........


You could see a black mamba and a cane toad.

Vanquished Creatures
  A centaur warrior (D:10)
  Erica (D:11)
  A boulder beetle (D:10)
  2 two-headed ogres (D:10)
  A tengu warrior (D:10)
  Pikel (D:8)
  3 ugly things
  Maurice (D:8)
  A cane toad (Lair:1)
  A gargoyle (D:8)
  2 komodo dragons
  2 trolls
  Prince Ribbit (D:6)
  A hornet (D:9)
  A wyvern (D:11)
  A wraith (D:10)
  3 vampires
  38 yaks
  4 steam dragons
  Grum (D:8)
  2 wargs (D:11)
  2 acid dragons
  3 water moccasins
  3 ice beasts
  6 black bears
  13 orc warriors
  3 ogres
  2 wolves (D:8)
  A centaur (D:10)
  3 phantoms
  4 kobold brigands
  A lemure (D:8)
  A gnoll sergeant (D:9)
  5 bullfrogs
  2 scorpions
  15 wights
  4 killer bees
  3 howler monkeys
  A crimson imp (D:3)
  2 jellies
  2 hounds
  6 orc priests
  Jessica (D:3)
  13 orc wizards
  Ijyb (D:5)
  Terence (D:3)
  An iguana (D:5)
  10 gnolls
  6 adders
  An ufetubus (D:7)
  6 worms
  2 dart slugs
  48 orcs
  8 bats
  8 endoplasms
  A giant cockroach (D:2)
  11 goblins
  11 hobgoblins
  4 jackals (D:2)
  29 kobolds
  A quokka (D:3)
  7 ball pythons
  3 frilled lizards
  18 rats
342 creatures vanquished.

Vanquished Creatures (collateral kills)
  A two-headed ogre (D:10)
1 creature vanquished.

Vanquished Creatures (others)
  An orc (D:10)
1 creature vanquished.

Grand Total: 344 creatures vanquished

Notes
Turn   | Place    | Note
-------+----------+-------------------------------------------
     0 | D:1      | MacCMillion the Merfolk Shapeshifter began the quest for
                  | the Orb.
     0 | D:1      | Reached XP level 1. HP: 15/15 MP: 1/1
   269 | D:1      | Reached XP level 2. HP: 21/21 MP: 2/2
   788 | D:1      | Reached XP level 3. HP: 26/26 MP: 3/3
  1436 | D:2      | Reached skill level 5 in Unarmed Combat
  1436 | D:2      | Reached XP level 4. HP: 32/32 MP: 4/4
  1533 | D:2      | Found a hide-covered altar of Uskayaw.
  2247 | D:3      | Noticed Jessica
  2252 | D:3      | Killed Jessica
  2253 | D:3      | Reached XP level 5. HP: 37/37 MP: 5/5
  2298 | D:3      | Noticed Terence
  2307 | D:3      | Killed Terence
  2683 | D:3      | Found an ancient bone altar of Kikubaaqudgha.
  2887 | D:3      | Found a burning altar of Makhleb.
  2888 | D:3      | Found a shimmering altar of Xom.
  3268 | D:3      | Became a worshipper of Makhleb the Destroyer
  3299 | D:4      | Found a staircase to the Ecumenical Temple.
  3306 | D:4      | Noticed an ogre
  3320 | D:4      | Killed an ogre
  3321 | D:4      | Reached XP level 6. HP: 32/43 MP: 6/6
  3996 | D:4      | Found a snail-covered altar of Cheibriados.
  4047 | D:4      | Noticed a black bear
  4069 | D:4      | Killed a black bear
  4070 | D:4      | Reached skill level 1 in Invocations
  4070 | D:4      | Reached XP level 7. HP: 41/48 MP: 6/8
  4451 | D:4      | Found a snail-covered altar of Cheibriados.
  4535 | D:4      | Found a staircase to the Ecumenical Temple.
  4925 | D:5      | Entered Level 5 of the Dungeon
  5159 | D:5      | Reached skill level 3 in Dodging
  5201 | D:5      | Noticed Sigmund
  5510 | D:4      | Reached XP level 8. HP: 47/56 MP: 11/11
  6134 | D:5      | Reached skill level 4 in Dodging
  6221 | D:5      | Noticed Ijyb
  6229 | D:5      | Killed Ijyb
  6576 | D:5      | Found a runed translucent door.
  6577 | D:5      | Noticed Crazy Yiuf
  6862 | D:6      | Noticed Prince Ribbit
  6882 | D:6      | Killed Prince Ribbit
  6883 | D:6      | Reached skill level 5 in Invocations
  7097 | D:6      | Reached skill level 5 in Dodging
  7322 | D:6      | Reached * piety under Makhleb
  7323 | D:6      | Reached XP level 9. HP: 65/65 MP: 13/13
  7746 | D:6      | Reached skill level 6 in Dodging
  7928 | D:6      | Reached skill level 5 in Fighting
  8066 | D:7      | Reached skill level 7 in Dodging
  8226 | D:7      | Found a flagged portal.
  8235 | Bailey   | Entered a bailey
  8260 | Bailey   | Reached ** piety under Makhleb
  8262 | Bailey   | Noticed an orc warlord
  8436 | Bailey   | Reached skill level 10 in Unarmed Combat
  8625 | Bailey   | Found a runed translucent gate.
  8627 | Bailey   | Found a runed translucent gate.
  8662 | Bailey   | Found a runed translucent gate.
  8693 | Bailey   | Reached skill level 8 in Dodging
  9250 | D:7      | Found a sparkling altar of Nemelex Xobeh.
  9333 | D:7      | Reached XP level 10. HP: 63/76 MP: 14/14
  9906 | D:8      | Noticed Maurice
 10187 | D:8      | Killed Maurice
 10188 | D:8      | Reached skill level 9 in Dodging
 10494 | D:8      | Found a hide-covered altar of Uskayaw.
 10564 | D:8      | Noticed a brown ugly thing
 10698 | D:8      | Killed a brown ugly thing
 10961 | D:8      | Noticed Grum
 10968 | D:8      | Killed Grum
 10977 | D:8      | Reached skill level 10 in Dodging
 10978 | D:8      | Reached *** piety under Makhleb
 11244 | D:8      | Found Esub's Book Emporium.
 11244 | D:8      | Noticed a gargoyle
 11250 | D:8      | Killed a gargoyle
 11666 | D:8      | Noticed Pikel
 11701 | D:8      | Killed Pikel
 11702 | D:8      | Reached XP level 11. HP: 80/87 MP: 16/16
 12179 | D:9      | Found a shimmering blue altar of Sif Muna.
 12180 | D:9      | Found a basalt altar of Yredelemnul.
 12186 | D:9      | Found an opulent altar of Gozag.
 12186 | D:9      | Found a glowing silver altar of Zin.
 12186 | D:9      | Found Zin's Purification Station.
 12189 | D:9      | Found a broken altar of Ashenzari.
 12263 | D:9      | Found a stormy altar of Qazlal.
 12278 | D:9      | Identified the +3 double sword of Grandeur {flame, rPois
                  | Str+4}
 12848 | D:9      | Reached skill level 11 in Dodging
 13300 | D:10     | Entered Level 10 of the Dungeon
 13660 | D:9      | Reached **** piety under Makhleb
 13821 | D:10     | Found a staircase to the Orcish Mines.
 14152 | D:10     | Noticed a two-headed ogre
 14179 | D:10     | Killed a two-headed ogre
 14609 | D:10     | Noticed a two-headed ogre
 14699 | D:10     | Killed a two-headed ogre
 14973 | D:10     | Noticed a two-headed ogre
 14985 | D:10     | Killed a two-headed ogre
 14986 | D:10     | Reached skill level 10 in Fighting
 14986 | D:10     | Reached skill level 12 in Dodging
 15194 | D:10     | Noticed a boulder beetle
 15211 | D:10     | Killed a boulder beetle
 15212 | D:10     | Reached XP level 12. HP: 97/97 MP: 18/18
 15243 | D:10     | Noticed a centaur warrior
 15257 | D:10     | Killed a centaur warrior
 15547 | D:10     | Got the Parchment of Shifting and Hexing
 15605 | D:10     | Noticed a tengu warrior
 15626 | D:10     | Killed a tengu warrior
 15808 | D:10     | Reached skill level 13 in Dodging
 15950 | D:11     | Found a staircase to the Lair.
 16042 | D:10     | Found a blossoming altar of Fedhas.
 16143 | D:11     | Reached skill level 10 in Invocations
 16635 | D:11     | Noticed Erica
 17012 | D:11     | Killed Erica
 17402 | Lair:1   | Entered Level 1 of the Lair of Beasts
 17993 | Lair:1   | Reached skill level 14 in Dodging
 18205 | Lair:1   | HP: 3/97 [black mamba (15)]
 18206 | Lair:1   | Slain by a black mamba

Illustrated notes

Levels and vault maps discovered:
D:1:      wheals_arrival_linesprint, layout_basic, minmay_rat_gold_closets
D:2:      minmay_thinvault, layout_basic, basic_altar
D:3:      layout_rooms, grunt_temple_overflow_champion_of_chaos,
          kiku_gazebo_garden_becter, uniq_terence, uniq_jessica
D:4:      layout_loops_ring, cheibrodos_worm_habitat,
          minmay_temple_entry_slanted
D:5:      layout_basic, nrook_mini_backslash, uniq_ijyb, uniq_sigmund,
          uniq_crazy_yiuf_cottage
D:6:      layout_basic, chequers_serial_rivers_room_b, uniq_prince_ribbit1
D:7:      layout_cave_pools, mainiacjoe_overflow_small_starburst,
          enter_bailey_5, grunt_decor_resistance, grunt_ministairs_13,
          nrook_campfire, kennysheep_opposing_triangles
D:8:      layout_basic, nicolae_uskayaw_dance_hall, serial_shops,
          nicolae_shop_crystal, uniq_pikel, uniq_maurice, uniq_grum
D:9:      layout_long_grid, zin_purify, nicolae_qazlal_general_emergency,
          nicolae_overflow_macrodata_refinement, dreamdust_princess_corridor
D:10:     layout_rooms, nicolae_overflow_hidden_temple,
          minmay_orc_entry_temple_small, small_statue_alley_a,
          minmay_pinched_square
D:11:     layout_long_grid, erik_lair_orcish_takeover, nicolae_letterblocks
          [nicolae_letter_subblock, nicolae_letter_subblock,
          nicolae_letter_subblock, nicolae_letter_subblock,
          nicolae_letter_subblock, nicolae_letter_subblock,
          nicolae_letter_subblock, nicolae_letter_subblock,
          nicolae_letter_subblock, nicolae_letter_subblock,
          nicolae_letter_subblock, nicolae_letter_subblock,
          nicolae_letter_subblock, nicolae_letter_subblock,
          nicolae_letter_subblock, nicolae_letter_subblock,
          nicolae_letter_subblock, nicolae_letter_subblock,
          nicolae_letter_subblock, nicolae_letter_subblock,
          nicolae_letter_subblock, nicolae_letter_subblock,
          nicolae_letter_subblock, nicolae_letter_subblock,
          nicolae_letter_subblock], uniq_erica
Lair:1:   layout_gridlike, beast_lair_carwin_4

Skill      XL: |  1  2  3  4  5  6  7  8  9 10 11 12 |
---------------+-------------------------------------+-----
Unarmed Combat | 4 5 7 8 9 10 11 12 13 | 13.9
Invocations    | 1 4 5 6 7 9 10 | 10.7
Dodging        | 3 5 8 10 12 14 | 14.0
Fighting       | 2 4 6 8 10 | 10.0
Shapeshifting  | |  4.3

Action                     |  1- 3 |  4- 6 |  7- 9 | 10-12 || total
---------------------------+-------+-------+-------+-------++-------
  Melee: Unarmed           |    93 |   136 |   336 |   584 ||  1149
         Punch             |     2 |     9 |    23 |    55 ||    89
         Tailslap          |       |       |     2 |       ||     2
  Throw: Dart              |       |     2 |       |     6 ||     8
 Invoke: Minor Destruction |       |       |     3 |    23 ||    26
         Major Destruction |       |       |       |     3 ||     3
         Lesser Servant of |       |       |       |     4 ||     4
  Evoke: Box of beasts     |       |       |       |     1 ||     1
    Use: Potion            |       |       |     1 |     5 ||     6
         Scroll            |       |       |     9 |       ||     9
   Stab: Sleeping          |     3 |       |       |       ||     3
 Armour: Animal skin       |    11 |       |       |       ||    11
         Ring mail         |     9 |    44 |   101 |   143 ||   297
         Skin              |       |       |     5 |     3 ||     8
  Dodge: Dodged            |    47 |    56 |   197 |   439 ||   739

Table legend: (Time is in decaauts)
 A = Elapsed time spent in this place.
 B = Non-inter-level travel time spent in this place.
 C = Inter-level travel time spent in this place.
 D = Time resting spent in this place.
 E = Time spent auto-exploring this place.
 F = Levels seen in this place.
 G = Mean time per level.
                   A        B        C        D        E       F      G
               +--------+--------+--------+--------+--------+-----+--------+
         Total |  17953 |  17272 |    681 |   5772 |   8370 |  13 | 1381.0 |
       Dungeon |  16717 |  16036 |    681 |   5174 |   8228 |  11 | 1519.7 |
          Lair |    418 |    418 |      0 |    162 |    134 |   1 |  418.0 |
        Bailey |    817 |    817 |      0 |    435 |      8 |   1 |  817.0 |
               +--------+--------+--------+--------+--------+-----+--------+

Top non-repeatable levels by time:
    D:10: 2305 daAuts
     D:4: 2280 daAuts
     D:9: 1977 daAuts
     D:8: 1681 daAuts
    D:11: 1459 daAuts
     D:7: 1367 daAuts
     D:6: 1254 daAuts
     D:3: 1201 daAuts
     D:1: 1116 daAuts
     D:2: 1091 daAuts
     D:5: 982 daAuts
  Bailey: 817 daAuts
  Lair:1: 418 daAuts
